 Dungeon Crawl Stone Soup version 0.29-a0-668-g12ee2bf84d (webtiles) character file.

Game seed: 799197372856198834

690 sammy202020 the Skirmisher (level 7, -2/57 HPs)
             Began as a Demonspawn Berserker on June 23, 2022.
             Was a Believer of Trog.
             Slain by an iguana (11 damage)
             ... on level 5 of the Dungeon.
             The game lasted 00:04:57 (4221 turns).

sammy202020 the Skirmisher (Demonspawn Berserker)   Turns: 4221, Time: 00:04:58

Health: -2/57      AC: 11    Str: 17    XL:     7   Next: 36%
Magic:  7/7        EV: 10    Int: 10    God:    Trog [**....]
Gold:   272        SH:  0    Dex: 13    Spells: 6/6 levels left

rFire   . . .      SeeInvis .   a - +1 hand axe
rCold   . . .      Faith    .   (no shield)
rNeg    + . .      Spirit   .   f - +0 scale mail
rPois   .          Reflect  .   e - +0 helmet
rElec   .          Harm     .   h - +0 cloak
rCorr   .          Rampage  .   (no gloves)
Will    .....                   j - +0 pair of boots
Stlth   ..........              (no amulet)
HPRegen 0.19/turn               d - ring of positive energy
MPRegen 0.10/turn               (no ring)

@: no status effects
A: rugged brown scales 1, ignite blood 1, powered by pain 1, demonic touch 1
a: Renounce Religion, Berserk, Trog's Hand


You were on level 5 of the Dungeon.
You worshipped Trog.
Trog was pleased with you.
You visited 1 branch of the dungeon, and saw 5 of its levels.

You collected 272 gold pieces.

Inventory:

Hand Weapons
 a - a +1 hand axe (weapon)
 i - a +0 flail
 s - a +0 morningstar
Missiles
 u - a throwing net (quivered)
 v - 6 boomerangs
Armour
 e - a +0 helmet (worn)
 f - a +0 scale mail (worn)
 h - a +0 cloak (worn)
 j - a +0 pair of boots (worn)
Jewellery
 d - a ring of positive energy (left hand)
 g - a ring of magical power
 r - an amulet of magic regeneration
Wands
 l - a wand of mindburst (14)
 n - a wand of quicksilver (16)
 t - a wand of iceblast (6)
Scrolls
 b - a scroll of fog {unknown}
 k - 4 scrolls of teleportation
 o - a scroll of enchant weapon
 q - 2 scrolls of identify
Potions
 m - a potion of resistance
 p - a potion of lignification {unknown}


   Skills:
 * Level 5.0 Fighting
 * Level 4.7 Axes
 + Level 3.0 Armour
 + Level 3.0 Dodging
 * Level 3.2 Unarmed Combat


You had 6 spell levels left.
You didn't know any spells.
Your spell library was empty.

Dungeon Overview and Level Annotations

Branches:
Dungeon (5/15)
 Temple: D:4-7

Altars:

Shops:
D:1 [?*!


Innate Abilities, Weirdness & Mutations

You are partially covered in rugged brown scales. (AC +1, +3% HP)
Your demonic aura sometimes causes spilled blood to erupt in flames.
You sometimes gain a little power by taking damage.
Your touch may inflict minor irresistible damage on your foes.


Message History

The gnoll hits you with a +0 whip.
The gnoll hits you from afar with a +0 halberd.
The orc wizard hits you with a +0 dagger.
You miss the killer bee.
The killer bee is severely wounded.
You barely miss the orc wizard. You hit the killer bee.
You hit the gnoll but do no damage. The killer bee misses you.
The killer bee stings you but does no damage. x2
The killer bee closely misses you. The gnoll misses you.
The gnoll closely misses you. The orc wizard completely misses you.
You closely miss the killer bee.
You touch the killer bee.
You kill the killer bee!
Trog accepts your kill.
You closely miss the orc wizard. You hit the killer bee.
You barely miss the gnoll. The killer bee closely misses you.
The killer bee barely misses you. The gnoll hits you with a +0 whip.
The gnoll hits you from afar with a +0 halberd.
The orc wizard gestures at you while chanting.
The magic dart hits you.
* * * LOW HITPOINT WARNING * * *
Your Fighting skill increases to level 5!
You closely miss the orc wizard.
You touch the orc wizard.
You kill the orc wizard!
Trog accepts your kill.
Trog appreciates your killing of a magic user.
You hit the iguana but do no damage. You hit the killer bee. You hit the gnoll.
The killer bee stings you.
* * * LOW HITPOINT WARNING * * *
The killer bee stings you but does no damage.
The gnoll hits you but does no damage. The iguana barely misses you.
The gnoll hits you from afar with a +0 halberd!
* * * LOW HITPOINT WARNING * * *
The killer bee stings you.
* * * LOW HITPOINT WARNING * * *
You are lethally poisoned!
The killer bee poisons you!
You feel better.
The killer bee stings you but does no damage.
The gnoll misses you. The iguana bites you!
You die...

#######..####.#
...........#
####.#.....#
######.....#
#..........#
#..........#
######....##
........)l..#
........@y..#
.########g..#
#g#.# #o....
#.......
#........
.........
##..##### ..#


You could see an iguana, a killer bee, 2 gnolls and an orc.

Vanquished Creatures
  2 black bears (D:4)
  2 phantoms
  A scorpion (D:4)
  A killer bee (D:5)
  An orc priest (D:4)
  A hound (D:4)
  2 iguanas (D:5)
  An orc wizard (D:5)
  4 gnolls
  3 adders
  A dart slug (D:1)
  8 orcs
  3 bats
  4 endoplasms
  2 giant cockroaches (D:1)
  3 goblins
  4 hobgoblins
  4 jackals (D:2)
  3 quokkas
  6 ball pythons
  A frilled lizard (D:1)
  5 kobolds
  6 rats
68 creatures vanquished.

Notes
Turn   | Place    | Note
-------+----------+-------------------------------------------
     0 | D:1      | sammy202020 the Demonspawn Berserker began the quest for
                  | the Orb.
     0 | D:1      | Reached XP level 1. HP: 18/18 MP: 1/1
    84 | D:1      | Found Anyhuyda's Armour Boutique.
   144 | D:1      | Found Ysuptiul's Assorted Antiques.
   153 | D:1      | Gained mutation: Your touch may inflict minor irresistible
                  | damage on your foes. [demonic ancestry]
   153 | D:1      | Reached XP level 2. HP: 24/24 MP: 2/2
   307 | D:1      | Found Huty Xudgh's Distillery.
   648 | D:1      | Found Akhlis's Magic Scroll Shoppe.
   959 | D:2      | Reached XP level 3. HP: 25/29 MP: 3/3
   992 | D:2      | Reached skill level 1 in Unarmed Combat
  1047 | D:2      | Reached ** piety under Trog
  1526 | D:2      | Gained mutation: You sometimes gain a little power by
                  | taking damage. [demonic ancestry]
  1526 | D:2      | Reached XP level 4. HP: 33/36 MP: 4/4
  1783 | D:3      | Identified the +1 leather armour of Cowardice {Str+3
                  | Stlth+}
  1949 | D:3      | You fall into a shaft and drop 1 floor!
  1954 | D:4      | Noticed a black bear
  1965 | D:4      | Killed a black bear
  1966 | D:4      | Reached skill level 4 in Fighting
  1966 | D:4      | Gained mutation: You are partially covered in rugged brown
                  | scales. (AC +1, +3% HP) [demonic ancestry]
  1966 | D:4      | Reached XP level 5. HP: 21/43 MP: 5/5
  2258 | D:4      | Noticed a phantom
  2270 | D:4      | Killed a phantom
  2412 | D:4      | Noticed a black bear
  2423 | D:4      | Killed a black bear
  2424 | D:4      | Reached XP level 6. HP: 16/50 MP: 6/6
  3706 | D:5      | Entered Level 5 of the Dungeon
  3727 | D:5      | Gained mutation: Your demonic aura sometimes causes spilled
                  | blood to erupt in flames. [demonic ancestry]
  3727 | D:5      | Reached XP level 7. HP: 30/56 MP: 7/7
  4220 | D:5      | Reached skill level 5 in Fighting
  4220 | D:5      | HP: 2/57 [gnoll/+0 halberd (9)]
  4221 | D:5      | Slain by an iguana

Illustrated notes

Levels and vault maps discovered:
D:1:      tarquinn_simple_flora_water_a, layout_basic, serial_shops,
          nicolae_shop_trees, shop, shop, shop, serial_bayou_pond_e
D:2:      layout_loops_ring, serial_park_tiny_2
D:3:      layout_basic, serial_bayou_pond_d, chequers_serial_rivers_large_a
D:4:      layout_basic, nicolae_zen_rock_garden
D:5:      layout_basic, enter_ossuary_3

Skill      XL: |  1  2  3  4  5  6  7 |
---------------+----------------------+-----
Axes           | 3 4 |  4.7
Dodging        | 2 3 |  3.0
Armour         | 2 3 |  3.0
Unarmed Combat | 1 2 3 |  3.2
Fighting       | 4 5 |  5.0

Action                   |  1- 3 |  4- 6 |  7- 9 || total
-------------------------+-------+-------+-------++-------
Melee: Hand axe          |    93 |    78 |    32 ||   203
       Punch             |     2 |     1 |     2 ||     5
       Touch             |    11 |     7 |     4 ||    22
Invok: Berserk           |       |     1 |       ||     1
  Use: Scroll            |     1 |     8 |       ||     9
       Potion            |       |       |     2 ||     2
Armor: Leather armour    |     6 |       |       ||     6
       Animal skin       |     1 |       |       ||     1
       Scale mail        |    24 |    64 |    32 ||   120
Dodge: Dodged            |    49 |    53 |    45 ||   147

Table legend: (Time is in decaauts)
 A = Elapsed time spent in this place.
 B = Non-inter-level travel time spent in this place.
 C = Inter-level travel time spent in this place.
 D = Time resting spent in this place.
 E = Time spent auto-exploring this place.
 F = Levels seen in this place.
 G = Mean time per level.
                   A        B        C        D        E       F      G
               +--------+--------+--------+--------+--------+-----+--------+
         Total |   4251 |   4251 |      0 |    342 |   3297 |   5 |  850.2 |
       Dungeon |   4251 |   4251 |      0 |    342 |   3297 |   5 |  850.2 |
               +--------+--------+--------+--------+--------+-----+--------+

Top non-repeatable levels by time:
     D:4: 1770 daAuts
     D:2: 908 daAuts
     D:1: 874 daAuts
     D:5: 518 daAuts
     D:3: 180 daAuts
